AoeStats
← Dande1987

Arabia

510180824Analyzed
3v3 RM · 1d ago on Sep 29, 2026· 66m 19s· 6 players
Game mode
Random Map
Map size
Normal (6 player)
Population
200
Speed
Normal
Resources
Standard
Victory
Conquest
Starting age
Dark Age
Ending age
Imperial Age
RankedLock teamsTeams togetherTeam positionsShared explorationLock speedFull tech treeHidden civsTurbo modeCheats
Victory
Defeat
🇧🇷 Magyars · Brazil
798
+12
🇧🇷 Saracens · Brazil
789
+12
🇧🇷 Franks · Brazil
583
+21
🇪🇸 Burgundians · Spain
715
-16
🇸🇰 Danes · Slovakia
709
-15
🇮🇹 Wu · Italy
669
-14
Busonada-2017
0:37 Loom
12:23 Feudal Age
19:06 Castle Age
18:39 Wheelbarrow
21:42 Squires
24:19 Double-Bit Axe
24:52 Hand Cart
25:14 Pikeman
26:35 Gambesons
26:35 Arson
36:01 Imperial Age
33:49 Bow Saw
35:30 Padded Archer Armor
35:31 Scale Mail Armor
35:42 Forging
35:23 Fletching
35:49 Forging
35:39 Scale Mail Armor
39:59 Chain Mail Armor
40:20 Iron Casting
39:09 Elite Varangian Guard
40:46 Hamask
42:54 Horse Collar
45:55 Padded Archer Armor
48:05 Ballistics
48:46 Chemistry
48:39 Elite Jomsviking
49:35 Thumb Ring
50:59 Cranequins
53:44 Halberdier
Dande1987
3:48 Loom
5:26 Wheelbarrow
11:52 Feudal Age
13:13 Double-Bit Axe
13:13 Horse Collar
14:55 Town Watch
15:14 Stone Mining
19:47 Gold Mining
19:57 Arson
20:55 Bow Saw
20:58 Heavy Plow
20:54 Man-at-Arms
22:27 Forging
23:42 Stone Shaft Mining
25:01 Hand Cart
27:27 Scale Mail Armor
29:57 Castle Age
30:02 Pikeman
30:45 Squires
30:23 Light Cavalry
31:27 Husbandry
31:58 Scale Barding Armor
32:31 Gold Shaft Mining
32:29 Town Patrol
32:31 Padded Archer Armor
33:43 Fletching
34:41 Crop Rotation
35:05 Long Swordsman
36:30 Cavalier
40:32 Two-Man Saw
40:04 Cavalier
43:30 Guilds
46:06 Imperial Age
45:18 Treadmill Crane
45:49 Masonry
45:30 Guard Tower
46:11 Hussar
48:11 Chemistry
47:13 Two-Handed Swordsman
48:32 Ballistics
48:43 Architecture
50:29 Guilds
50:20 Caravan
52:05 Iron Casting
51:26 Bodkin Arrow
51:46 Leather Archer Armor
52:40 Halberdier
53:09 Paladin
59:30 Burgundian Vineyards
58:56 Flemish Revolution
60:02 Hoardings
xdoppiadx
11:27 Feudal Age
11:58 Double-Bit Axe
12:08 Horse Collar
21:28 Castle Age
19:17 Loom
20:12 Gold Mining
23:01 Bow Saw
23:22 Town Watch
28:37 Wheelbarrow
29:42 Town Patrol
33:19 Hand Cart
33:31 Caravan
35:07 Gold Shaft Mining
34:22 Stone Mining
34:45 Pikeman
41:36 Imperial Age
38:38 Man-at-Arms
42:05 Heavy Plow
47:53 Two-Man Saw
48:15 Sitting Tiger
50:28 Halberdier
51:08 Squires
50:54 Arson
53:05 Red Cliffs Tactics
57:38 Conscription
61:55 Coinage
61:35 Guilds
65:00 Banking
[COA] BLADE 大名
0:27 Loom
11:43 Feudal Age
12:53 Double-Bit Axe
16:56 Castle Age
25:22 Forging
25:18 Scale Barding Armor
25:34 Gold Mining
42:13 Iron Casting
41:57 Bow Saw
45:17 Imperial Age
43:27 Ballistics
43:56 Arson
47:11 Two-Man Saw
47:19 Two-Man Saw
47:21 Chemistry
46:47 Conscription
47:30 Gold Shaft Mining
50:17 Elite Mameluke
53:06 Blast Furnace
52:26 Chain Barding Armor
58:35 Chain Barding Armor
62:11 Plate Barding Armor
[COA] CapitãoBR
7:51 Loom
10:15 Feudal Age
12:56 Double-Bit Axe
17:35 Horse Collar
20:36 Scale Barding Armor
24:46 Castle Age
24:21 Wheelbarrow
25:05 Stone Mining
25:06 Gold Mining
27:52 Husbandry
28:12 Heavy Plow
28:24 Bow Saw
29:36 Gold Shaft Mining
29:05 Caravan
29:35 Coinage
31:15 Hand Cart
32:45 Town Watch
34:05 Corvinian Army
37:38 Imperial Age
38:06 Town Patrol
37:51 Cavalier
38:29 Fletching
38:40 Padded Archer Armor
39:20 Conscription
41:53 Two-Man Saw
41:27 Crop Rotation
43:11 Thumb Ring
42:26 Crossbowman
43:42 Arbalester
45:24 Leather Archer Armor
45:05 Bodkin Arrow
45:30 Chain Barding Armor
45:12 Scale Mail Armor
46:24 Elite Magyar Huszar
47:23 Pikeman
49:56 Halberdier
53:00 Bloodlines
55:57 Banking
56:51 Paladin
58:10 Plate Barding Armor
58:06 Ring Archer Armor
57:37 Bracer
57:53 Chain Mail Armor
61:41 Recurve Bow
Spartanloko
13:41 Feudal Age
16:24 Town Watch
16:35 Double-Bit Axe
18:28 Wheelbarrow
19:53 Man-at-Arms
21:35 Arson
28:43 Castle Age
27:11 Stone Mining
27:12 Gold Mining
30:29 Town Patrol
30:13 Long Swordsman
30:39 Gambesons
30:55 Squires
32:14 Pikeman
33:27 Bow Saw
34:47 Ordonnance Companies
37:13 Hand Cart
37:01 Husbandry
36:22 Light Cavalry
43:25 Caravan
47:59 Imperial Age
47:52 Forging
47:42 Scale Mail Armor
47:49 Scale Barding Armor
47:44 Padded Archer Armor
47:35 Fletching
48:15 Halberdier
48:15 Two-Handed Swordsman
48:21 Cranequins
49:39 Ballistics
49:17 Murder Holes
50:19 Gold Shaft Mining
52:07 Chemistry
50:51 Treadmill Crane
52:18 Iron Casting
57:56 Arrowslits
58:03 Guard Tower
58:24 Fortified Wall
58:25 Masonry
58:59 Conscription
61:50 Blast Furnace
61:05 Chain Mail Armor
61:11 Chain Barding Armor
61:07 Leather Archer Armor
60:47 Bodkin Arrow
61:46 Elite Throwing Axeman
63:04 Hoardings
Connection lost

Rejoining the realm…

Still unreachable

The connection could not be restored.

Session expired

The server has moved on; the page needs a fresh start.